 Dungeon Crawl Stone Soup version 0.31.0-11-ge490571c62 (webtiles) character file.

Game seed: 6002303634768521775

53 Strat the Ducker (level 3, 0/27 HPs)
             Began as a Merfolk Air Elementalist on Jan 26, 2024.
             Killed by divine providence
             ... invoked by an orc priest
              (11 damage)
             ... on level 3 of the Dungeon.
             The game lasted 00:06:50 (2028 turns).

Strat the Ducker (Merfolk Air Elementalist)         Turns: 2028, Time: 00:06:50

Health: 0/27       AC:  5    Str:  8    XL:     3   Next: 89%
Magic:  6/6        EV: 12    Int: 14    God:
Gold:   90         SH:  4    Dex: 16    Spells: 1/6 levels left

rFire   . . .        a - +0 short sword
rCold   . . .        c - +0 buckler
rNeg    . . .        f - +0 robe
rPois   .            (no helmet)
rElec   .            j - +2 cloak
rCorr   .            (no gloves)
SInv    .            (no boots)
Will    .....        h - amulet of regeneration
Stlth   ++           (no ring)
HPRegen 1.04/turn    (no ring)
MPRegen 0.10/turn

%: no passive effects
@: very slightly contaminated
A: (nimble swimmer 2), mertail
a: no special abilities


You were on level 3 of the Dungeon.
You visited 1 branch of the dungeon, and saw 3 of its levels.

You collected 90 gold pieces.

Inventory:

Hand Weapons
 a - a +0 short sword (weapon)
 d - a +0 dagger
Missiles
 o - 3 poisoned darts
 q - 4 darts of dispersal
Armour
 c - a +0 buckler (worn)
 e - a +0 ring mail
 f - a +0 robe (worn)
 j - a +2 cloak (worn)
Jewellery
 h - an amulet of regeneration (around neck)
 m - a ring of ice
 p - a ring of wizardry
Scrolls
 g - a scroll of enchant armour {unknown}
 i - 3 scrolls of teleportation {unknown}
 l - a scroll of vulnerability {unknown}
 n - a scroll of identify {unknown}
Potions
 b - a potion of magic


   Skills:
 - Level 1.8 Fighting
 - Level 3.7 Dodging
 - Level 3.1 Stealth
 - Level 2.0 Spellcasting
 - Level 0.7 Conjurations
 + Level 1.0 Ice Magic
 - Level 2.4 Air Magic


You had one spell level left.
You knew the following spells:

 Your Spells              Type           Power      Damage    Failure   Level
a - Shock                 Conj/Air       20%        1d4       21%         1
b - Frozen Ramparts       Ice            8%         1d2       58%         3
c - Freeze                Ice            16%        1d4       26%         1

Your spell library contained the following spells:

 Spells                   Type           Power      Damage    Failure   Level
 Static Discharge         Conj/Air       10%        3-4/arc   30%         2
 Cigotuvi's Dreadful Rot  Necr/Alch/Air  6%         N/A       38%         2
 Swiftness                Air            8%         N/A       41%         3
 Hailstorm                Conj/Ice       3%         3d5       63%         3
 Airstrike                Air            4%         2d(1-17)  82%         4
 Ignite Poison            Fire/Alch      1%         N/A       98%         4
 Freezing Cloud           Conj/Ice/Air   2%         6-21      99%         5


Dungeon Overview and Level Annotations

Branches:
Dungeon (3/15)

Altars:
The Shining One

Shops:
D:2 =

Annotations:
D:2 Robin


Innate Abilities, Weirdness & Mutations

((You are very nimble when in or above water. (Stealth+, EV+, Speed+++)))
Your lower body shifts to a powerful aquatic tail in water.


Message History

The orc priest looks encouraged for a moment.
The orc attacks as it pursues you! The orc barely misses you.
Cast which spell? (? or * to list)
Casting: Frozen Ramparts (astonishingly dangerous; 58% risk of failure)
Press: ? - help, Dir - look around, f - activate You miscast Frozen Ramparts.
You are very lightly contaminated with residual magic.
Nothing appears to happen.
The orc priest looks satisfied for a moment.
The orc hits you with a +0 hand axe.
* * * LOW HITPOINT WARNING * * *
Casting: Frozen Ramparts (astonishingly dangerous; 58% risk of failure)
Confirm with . or Enter, or press ? or * to list all spells.
Casting: Frozen Ramparts (astonishingly dangerous; 58% risk of failure)
Press: ? - help, Dir - look around, f - activate You miscast Frozen Ramparts.
You are covered in a thin layer of ice!
* * * LOW HITPOINT WARNING * * *
The orc misses you.
Unknown command.
Magic courses through your body. The orc barely misses you.
You barely miss the orc. The orc hits you but does no damage.
You hit the orc.
The orc is moderately wounded.
You block the orc's attack.
You closely miss the orc.
The orc is moderately wounded.
The orc priest calls upon Beogh to heal the orc.
The orc's wounds heal themselves!
The orc barely misses you.
You hit the orc.
The orc is severely wounded.
The orc barely misses you.
You hit the orc.
The orc is almost dead.
The orc priest miscasts a cantrip.
The orc barely misses you.
You barely miss the orc.
The orc is almost dead.
The orc priest invokes the aid of Beogh against you.
Beogh smites you!
You die...

... #.....#.#
### ##.####.#
#......#
######.# ### #.#
... #.# ##.#
#.###[..###.
#####.##........
##.....##@#
###..###..#o#
#...## ##..o#
###.### ###.#
#...# #....o_..
#.### #.#...[..
#.# #.#......
###.# #.# .....
#...# #.# #####


You could see an orc priest and an orc.

Vanquished Creatures
  An adder (D:2)
  3 endoplasms
  5 goblins
  6 hobgoblins
  4 quokkas
  3 ball pythons
  5 bats
  3 frilled lizards
  7 kobolds
  4 rats
41 creatures vanquished.

Notes
Turn   | Place    | Note
-------+----------+-------------------------------------------
     0 | D:1      | Strat the Merfolk Air Elementalist began the quest for the
                  | Orb.
     0 | D:1      | Reached XP level 1. HP: 13/13 MP: 3/3
   322 | D:1      | Reached XP level 2. HP: 20/20 MP: 5/5
   424 | D:1      | Reached skill level 1 in Fighting
   556 | D:1      | Found a faded altar of an unknown god.
  1088 | D:2      | Reached XP level 3. HP: 23/26 MP: 6/6
  1274 | D:2      | Found Lexitz's Jewellery Shoppe.
  1417 | D:2      | Noticed Robin
  1683 | D:2      | Learned a level 3 spell: Frozen Ramparts
  1685 | D:2      | Learned a level 1 spell: Freeze
  1951 | D:3      | Reached skill level 1 in Ice Magic
  2011 | D:3      | Found a glowing golden altar of the Shining One.
  2028 | D:3      | Killed from afar by an orc priest

Illustrated notes

Levels and vault maps discovered:
D:1:      saegor_arrival_under_anarchy, layout_loops_cross,
          ebering_ecumenical_altar_abandoned, minmay_misc_feat_ornament
D:2:      layout_loops_ring, serial_shops,
          nicolae_shop_competitors_out_of_business, st_stairs_7, uniq_robin
D:3:      layout_basic, lemuel_tele_altar, grunt_dithmenos_smoke,
          nicolae_overflow_hidden_temple, old_standard_altar,
          portal_sewer_entry_e, feat_on_display

Skill      XL: |  1  2  3 |
---------------+----------+-----
Dodging        | 3 |  3.7
Fighting       | 1 |  1.8
Stealth        | 3 |  3.1
Ice Magic      | 1 |  1.0
Spellcasting   | |  2.0
Conjurations   | |  0.7
Air Magic      | |  2.4

Action                     || total
---------------------------++-------
  Melee: Short sword       ||   207
         Unarmed           ||     9
         Dagger            ||     5
    Use: Potion            ||     2
   Stab: Sleeping          ||     2
 Armour: Robe              ||    13
         Ring mail         ||   106
  Dodge: Dodged            ||   118
  Block: Buckler           ||    30
